 Dungeon Crawl Stone Soup version 0.28-a0-687-gb91baff9cc (webtiles) character file.

Game seed: 12693765100008657217

217 Irenicus the Geomancer (level 5, -12/42 HPs)
             Began as a Deep Dwarf Earth Elementalist on Oct 19, 2021.
             Mangled by Duvessa (17 damage)
             ... on level 3 of the Dungeon.
             The game lasted 00:09:52 (1530 turns).

Irenicus the Geomancer (DDEE)                       Turns: 1530, Time: 00:09:53

Health: -12/42     AC:  4    Str: 12    XL:     5   Next: 62%
Magic:  4/7        EV: 12    Int: 16    God:
Gold:   45         SH:  0    Dex: 13    Spells: 4/7 levels left

rFire   . . .      SeeInvis .   r - +2 short sword (elec)
rCold   . . .      Faith    .   (no shield)
rNeg    + . .      Spirit   .   g - +0 leather armour
rPois   .          Reflect  .   (no helmet)
rElec   .          Harm     .   (no cloak)
rCorr   .          Rampage  .   (no gloves)
Will    .....                   k - +0 pair of boots
Stlth   ++........              (no amulet)
HPRegen 0.00/turn               N - ring of positive energy
MPRegen 0.10/turn               (no ring)

@: no status effects
A: damage resistance, heal wounds, sense surroundings 1, no regeneration
a: Heal Wounds


You were on level 3 of the Dungeon.
You visited 1 branch of the dungeon, and saw 4 of its levels.

You collected 45 gold pieces.


Innate Abilities, Weirdness & Mutations

You are resistant to damage.
You can heal yourself by infusing magical energy.
You passively map a small area around you.
You do not regenerate.


   Skills:
 - Level 2.1 Dodging
 - Level 2.4 Stealth
 - Level 1.7 Spellcasting
 - Level 0.8 Transmutations
 + Level 8.5 Earth Magic


You had 4 spell levels left.
You knew the following spells:

 Your Spells              Type           Power      Damage    Failure   Level
w - Passwall              Tmut/Erth      13%        N/A       6%          2
z - Sandblast             Erth           56%        2d13      1%          1

Your spell library contained the following spells:

 Spells                   Type           Power      Damage    Failure   Level
 Stone Arrow              Conj/Erth      30%        3d8       14%         3
 Petrify                  Tmut/Erth      16%        N/A       36%         4

Inventory:

Hand Weapons
 d - a +0 dagger
 r - a +2 short sword of electrocution (weapon)
Missiles
 c - 60 stones
Armour
 g - a +0 leather armour (worn)
 k - a +0 pair of boots (worn)
Jewellery
 N - a ring of positive energy (left hand)
Scrolls
 a - 3 scrolls of noise {unknown}
 e - a scroll of enchant weapon {unknown}
 h - 2 scrolls of identify {@r1}
 m - a scroll of torment {unknown}
 n - 3 scrolls of enchant armour {unknown}
Potions
 b - a potion of attraction {unknown}
 f - 2 potions of degeneration {unknown}
 i - a potion of mutation {unknown}
 j - a potion of lignification {unknown}
 l - a potion of flight
 o - a potion of berserk rage {unknown}
 p - a potion of cancellation {unknown}
 q - a potion of brilliance {unknown}

Dungeon Overview and Level Annotations

Branches:
Dungeon (4/15)
 Temple: D:4-7

Altars:
Cheibriados
Qazlal
Ru

Annotations:
D:3 Duvessa

#.##.##.#.# #.#.# ##.##.##.#.#
#.#.# #.....##.#.# #.#.##
#..#.....#.# #.#... ########
#..#.#####.# #.#### .......#
#..........###.# ######.#
#.##........##.#
######.########.#########.##.#
................@............#
##..............e########.####
.........#######.# #.#
.......#.#######.########.#######
.................................
.....####.######.########.#######
......# #.## #.# #.# ......# #..#
#.# #.# ......# ##.#####.#### #.#


You could see Duvessa (berserk).


Message History

The blast of sand hits Duvessa but does no damage.
Duvessa hits you with a +0 short sword! Duvessa completely misses you.
Unknown command.
Casting: Sandblast (safe; 1% risk of failure)
Confirm with . or Enter, or press ? or * to list all spells.
Aiming: Sandblast (safe; 1% risk of failure)
Press: ? - help, Shift-Dir - straight line, f/p - Duvessa
Aim: Duvessa, wielding a +0 short sword and wearing a +0 scale mail (berserk, 86% to hit)
The blast of sand hits Duvessa but does no damage.
A phantom comes into view.
Duvessa hits you with a +0 short sword. Duvessa closely misses you.
Duvessa hits you with a +0 short sword!
* * * LOW HITPOINT WARNING * * *
There is a stone staircase leading up, spattered with blood here.
Duvessa barely misses you.
You climb upwards.
There is a stone staircase leading down here.
Casting: Sandblast (safe; 1% risk of failure)
Confirm with . or Enter, or press ? or * to list all spells.
Okay, then.
Okay, then.
Use which ability? (? or * to list)
You fail to use your ability.
Duvessa hits you with a +0 short sword.
* * * LOW HITPOINT WARNING * * *
Duvessa misses you.
Use which ability? (? or * to list)
You fail to use your ability.
Duvessa hits you with a +0 short sword!!
You die...

Skill      XL: |  1  2  3  4  5 |
---------------+----------------+-----
Earth Magic    | 5 6 7 8 |  8.5
Dodging        | |  2.1
Stealth        | |  2.4
Spellcasting   | |  1.7
Transmutations | |  0.8

Action                   |  1- 3 |  4- 6 || total
-------------------------+-------+-------++-------
Melee: Dagger            |    14 |    18 ||    32
       Short sword       |       |     5 ||     5
 Cast: Sandblast         |    28 |    28 ||    56
       Passwall          |     4 |     8 ||    12
  Use: Scroll            |       |     1 ||     1
 Stab: Sleeping          |     4 |     4 ||     8
Armor: Leather armour    |     6 |    10 ||    16
Dodge: Dodged            |    10 |    23 ||    33

Levels and vault maps discovered:
D:1:      lightli_molten_gateway, layout_basic,
          chequers_ecumenical_altar_simple_redux, minivault_23
D:2:      layout_loops_ring, basic_altar, uniq_terence
D:3:      layout_basic, jmf_multi_god_temple2
D:4:      layout_basic, mainiacjoe_overflow_boulevard,
          nicolae_overflow_crystal_walls, minmay_temple_entry_large_hall,
          enter_ossuary_3, bh_walls_and_bars, uniq_duvessa, uniq_natasha

Notes
Turn   | Place    | Note
-------+----------+-------------------------------------------
     0 | D:1      | Irenicus the Deep Dwarf Earth Elementalist began the quest
                  | for the Orb.
     0 | D:1      | Reached XP level 1. HP: 15/15 MP: 3/3
   104 | D:1      | Reached XP level 2. HP: 22/22 MP: 1/4
   251 | D:1      | Reached skill level 5 in Earth Magic
   263 | D:1      | Found a faded altar of an unknown god.
   281 | D:1      | Learned a level 2 spell: Passwall
   696 | D:2      | Reached XP level 3. HP: 28/28 MP: 1/5
   806 | D:2      | Reached skill level 6 in Earth Magic
   863 | D:2      | Found a snail-covered altar of Cheibriados.
   863 | D:2      | Noticed Terence
   867 | D:2      | Killed Terence
   868 | D:2      | Reached XP level 4. HP: 33/36 MP: 0/6
  1008 | D:3      | Reached skill level 7 in Earth Magic
  1106 | D:3      | Found a large runed translucent door.
  1107 | D:3      | Found a large runed translucent door.
  1116 | D:3      | Found a sacrificial altar of Ru.
  1126 | D:3      | Found a stormy altar of Qazlal.
  1343 | D:3      | Reached XP level 5. HP: 33/42 MP: 3/7
  1469 | D:3      | Reached skill level 8 in Earth Magic
  1518 | D:4      | Noticed Duvessa
  1518 | D:4      | Noticed Dowan
  1521 | D:4      | Killed Dowan
  1525 | D:4      | Noticed a phantom
  1530 | D:3      | Mangled by Duvessa

Vanquished Creatures
  Dowan (D:4)
  An orc priest (D:3)
  Terence (D:2)
  5 adders
  A worm (D:3)
  4 dart slugs
  8 orcs (D:3)
  3 bats
  3 endoplasms
  2 giant cockroaches
  4 goblins
  5 hobgoblins
  4 kobolds
  2 quokkas
  2 ball pythons (D:1)
  4 frilled lizards
  3 rats
53 creatures vanquished.

Table legend: (Time is in decaauts)
 A = Elapsed time spent in this place.
 B = Non-inter-level travel time spent in this place.
 C = Inter-level travel time spent in this place.
 D = Time resting spent in this place.
 E = Time spent auto-exploring this place.
 F = Levels seen in this place.
 G = Mean time per level.
                   A        B        C        D        E       F      G
               +--------+--------+--------+--------+--------+-----+--------+
         Total |   1529 |   1498 |     31 |      0 |      0 |   4 |  382.2 |
       Dungeon |   1529 |   1498 |     31 |      0 |      0 |   4 |  382.2 |
               +--------+--------+--------+--------+--------+-----+--------+

Top non-repeatable levels by time:
     D:3: 517 daAuts
     D:1: 505 daAuts
     D:2: 496 daAuts
     D:4: 9 daAuts

Table legend:
 A = Non-vault XP
 B = Vault XP
 C = Vault XP percentage of total XP
 D = Non-vault monster count
 E = Vault monster count
 F = Vault count percentage of total count
                 A         B        C        D         E       F
            +---------+---------+-------+---------+---------+-------
      Total |     201 |     110 |  35.4 |      49 |       4 |   7.5
            +---------+---------+-------+---------+---------+-------
        D:1 |      26 |       0 |   0.0 |      17 |       0 |   0.0
        D:2 |      66 |      38 |  36.5 |      11 |       1 |   8.3
        D:3 |     109 |       3 |   2.7 |      21 |       2 |   8.7
        D:4 |       0 |      69 | 100.0 |       0 |       1 | 100.0
            +---------+---------+-------+---------+---------+-------
